 Dungeon Crawl Stone Soup version 0.19.4-9-g45fd643 (console) character file.

166 Grinner the Ducker (level 5, -1/25 HPs)
             Began as a Spriggan Gladiator on Feb 17, 2017.
             Slain by a sky beast (6 damage)
             ... on level 4 of the Dungeon.
             The game lasted 00:02:59 (2555 turns).

Grinner the Ducker (Spriggan Gladiator)             Turns: 2555, Time: 00:03:00

Health: -1/25      AC:  2    Str: 16    XL:     5   Next: 22%
Magic:  6/6        EV: 20    Int:  8    God:
Gold:   118        SH:  0    Dex: 17    Spells: 0 memorised, 4 levels left

rFire  . . .     SeeInvis +     a - +1 quarterstaff
rCold  . . .     Gourm    .     b - +0 robe
rNeg   . . .     Faith    .     (shield currently unavailable)
rPois  .         Spirit   .     c - +0 hat
rElec  .         Reflect  .     (no cloak)
rCorr  .         Harm     .     (gloves unavailable)
MR     .....                    (boots unavailable)
Stlth  ++........               (no amulet)
                                m - ring of loudness (curse)
                                j - -2 ring of intelligence (curse)

@: mighty, very quick
A: unfitting armour, see invisible, herbivore 3, speed 3, slow metabolism 2
a: no special abilities


You were on level 4 of the Dungeon.
You were not hungry.

You visited 1 branch of the dungeon, and saw 4 of its levels.

You collected 118 gold pieces.

Inventory:

Hand Weapons
 a - a +1 quarterstaff (weapon)
Missiles
 d - 3 throwing nets (quivered)
Armour
 b - a +0 robe (worn)
 c - a +0 hat (worn)
Jewellery
 i - an uncursed ring of wizardry {unknown}
 j - a cursed -2 ring of intelligence (left hand)
 m - a cursed ring of loudness (right hand)
Scrolls
 h - 2 scrolls of recharging
 k - a scroll of magic mapping
 l - a scroll of teleportation
 n - a scroll of identify
Comestibles
 f - 2 bread rations


   Skills:
 - Level 1.5 Fighting
 * Level 3.9 Staves
 - Level 2.0 Throwing
 - Level 4.4 Dodging
 + Level 4.2 Stealth


You had 4 spell levels left.
You didn't know any spells.

Dungeon Overview and Level Annotations

Branches:
Dungeon (4/15)
 Temple: D:4-7

Altars:
Ashenzari


Innate Abilities, Weirdness & Mutations

You are very small and have problems with some larger weapons.
You are too small for most types of armour.
You have supernaturally acute eyesight. (SInv)
You are a herbivore.
You cover ground extremely quickly.
You need consume almost no food.


Message History

The sky beast shocks you.
* * * LOW HITPOINT WARNING * * *
The worker ant misses you.
It was a potion of curing.
You feel better.
It was a potion of might.
You feel very mighty all of a sudden.
You sock the worker ant!
The worker ant is severely wounded.
The worker ant closely misses you.
You hit the worker ant.
You kill the worker ant!
The sky beast hits you.
* * * LOW HITPOINT WARNING * * *
The sky beast shocks you.
* * * LOW HITPOINT WARNING * * *
You are too injured to fight recklessly!
You feel better. The sky beast hits you.
* * * LOW HITPOINT WARNING * * *
The sky beast shocks you.
You die...

## ### .## #########.######
###.########.......(#......
#
#..................###.####
###.#.#..#######...#.##.#.##
.............Y@....#.##(.##
..##...##.#.######......#
#.!.##.#.#####..#..#.#
#...##.#.#.....###.#.#
#...##.#.#.<##..#....#
....##......###....###
#.#..##......# ###..#
#.#..##......# #..#
#.#..##....... .....


You could see a sky beast.

Vanquished Creatures
  A howler monkey (D:4)
  A jelly (D:3)
  Ijyb (D:2)
  A worker ant (D:4)
  An adder (D:2)
  A dart slug (D:2)
  3 leopard geckos
  A giant cockroach (D:1)
  6 goblins
  3 hobgoblins
  4 kobolds
  2 ball pythons
  9 bats
  8 frilled lizards
  3 rats
45 creatures vanquished.

Notes
Turn   | Place    | Note
-------+----------+-------------------------------------------
     0 | D:1      | Grinner the Spriggan Gladiator began the quest for the Orb.
     0 | D:1      | Reached XP level 1. HP: 10/10 MP: 2/2
   111 | D:1      | Reached skill level 1 in Stealth
   136 | D:1      | Reached XP level 2. HP: 6/14 MP: 3/3
   691 | D:1      | Found a shattered altar of Ashenzari.
  1307 | D:2      | Reached XP level 3. HP: 14/18 MP: 4/4
  2177 | D:2      | Noticed Ijyb
  2188 | D:2      | Killed Ijyb
  2188 | D:2      | Reached XP level 4. HP: 15/22 MP: 5/5
  2495 | D:4      | Reached XP level 5. HP: 24/25 MP: 6/6
  2530 | D:4      | Noticed a sky beast
  2554 | D:4      | HP: 1/25 [sky beast (5)]
  2555 | D:4      | Slain by a sky beast

Skill      XL: |  1  2  3  4 |
---------------+-------------+-----
Stealth        | 1 2 3 4 |  4.2
Staves         | 3 |  3.9
Fighting       | |  1.5
Throwing       | |  2.0
Dodging        | |  4.4

Action                   |  1- 3 |  4- 6 || total
-------------------------+-------+-------++-------
Melee: Quarterstaff      |   137 |    31 ||   168
  Use: Scroll            |     5 |     1 ||     6
       Potion            |       |     3 ||     3
 Stab: Sleeping          |     8 |     3 ||    11
Armor: Robe              |    17 |     2 ||    19
Dodge: Dodged            |   117 |    42 ||   159
